 Dungeon Crawl Stone Soup version 0.19.1 (webtiles) character file.

6663 CanadianGator the Cruncher (level 10, -1/81 HPs)
             Began as a Minotaur Gladiator on Nov 28, 2016.
             Was a Priest of Yredelemnul.
             Slain by a frost giant
             ... wielding the +8 frozen axe "Frostbite" {freezing cloud, *Noise +Fly rC+}
              (2 damage)
             ... on level 10 of the Dungeon.
             The game lasted 00:24:26 (8969 turns).

CanadianGator the Cruncher (Minotaur Gladiator)     Turns: 8969, Time: 00:24:26

Health: -1/81      AC: 12    Str: 26    XL:     10   Next: 73%
Magic:  11/12      EV: 18    Int:  7    God:    Yredelemnul [***...]
Gold:   353        SH:  0    Dex: 18    Spells: 0 memorised, 9 levels left

rFire  + . .     SeeInvis .     l - +2 quarterstaff (chaos)
rCold  . . .     Gourm    .     y - +0 scale mail "Wisustri" {+Inv rF+ MR+ Str+4}
rNeg   . . .     Faith    .     (shield currently unavailable)
rPois  .         Spirit   .     (helmet restricted)
rElec  .         Reflect  .     t - +1 cloak
rCorr  .         Harm     .     v - +0 pair of gloves
MR     +....                    (no boots)
Stlth  ++........               (no amulet)
                                (no ring)
                                C - ring of stealth

@: about to teleport
A: retaliatory headbutt, horns 2, repulsion field 1, thin skeletal structure 1,
agile 2, clever 1, frail 1
a: Recall Undead Slaves, Injury Mirror, Animate Dead, Renounce Religion, Evoke
Invisibility


You were on level 10 of the Dungeon.
You worshipped Yredelemnul.
Yredelemnul was most pleased with you.
You were near starving.

You visited 2 branches of the dungeon, and saw 11 of its levels.
You also visited: Sewer and Ossuary.

You collected 509 gold pieces.
You spent 156 gold pieces at shops.

Inventory:

Hand Weapons
 l - a +2 quarterstaff of chaos (weapon)
 u - a +0 bardiche
 J - a +0 whip of freezing
 O - a +3 halberd of freezing
 P - a +4 flail
Missiles
 d - 3 throwing nets (quivered)
 z - 2 tomahawks of returning
Armour
 r - a +0 ring mail
 t - a +1 cloak (worn)
 v - a +0 pair of gloves (worn)
 y - the +0 scale mail "Wisustri" (worn) {+Inv rF+ MR+ Str+4}
   (You found it on level 8 of the Dungeon)

   It affects your strength (+4).
   It protects you from fire.
   It affects your resistance to hostile enchantments.
   It lets you turn invisible.
 E - a +3 leather armour
 M - a +0 chain mail
 S - a +0 plate armour
Jewellery
 C - a ring of stealth (left hand)
Wands
 G - a wand of iceblast (9/15)
Scrolls
 b - 2 scrolls of blinking {unknown}
 e - a scroll of enchant weapon {unknown}
 g - 2 scrolls of enchant armour
 n - 3 scrolls of fog
 o - a scroll of magic mapping {unknown}
 s - 5 scrolls of remove curse
 w - 3 scrolls of teleportation
 B - a scroll of recharging {unknown}
 D - 2 scrolls of random uselessness {unknown}
 I - 2 scrolls of fear {unknown}
 N - a scroll of amnesia {unknown}
 R - 2 scrolls of noise {unknown}
Potions
 c - 2 potions of mutation {unknown}
 h - a potion of cure mutation {unknown}
 i - 2 potions of agility
 j - 4 potions of lignification
 p - 3 potions of flight
 q - 3 potions of brilliance
 A - 2 potions of cancellation {unknown}
 F - a potion of resistance {unknown}
 H - 7 potions of curing
 K - a potion of haste {unknown}
 L - a potion of might {unknown}
 Q - 2 potions of heal wounds
Comestibles
 a - 3 beef jerkies
 f - 5 bread rations
 m - 5 fruits
 x - 3 meat rations


   Skills:
 + Level 8.6 Fighting
 * Level 12.4 Staves
 - Level 2.0 Throwing
 + Level 8.4 Armour
 + Level 8.4 Dodging
 + Level 4.1 Invocations


You had 9 spell levels left.
You didn't know any spells.

Dungeon Overview and Level Annotations

Branches:
Dungeon (10/15)            Temple (1/1) D:5
   Lair: D:8-11         Orc: D:9-12

Altars:
Ashenzari
Cheibriados
Dithmenos
Elyvilon
Fedhas
Gozag
Hepliaklqana
Kikubaaqudgha
Makhleb
Nemelex Xobeh
Okawaru
Qazlal
Ru
Sif Muna
Trog
Uskayaw
Vehumet
Xom
Yredelemnul
Zin
The Shining One

Shops:
D:8 :   D:9 *


Innate Abilities, Weirdness & Mutations

You reflexively headbutt those who attack you in melee.
You have a pair of horns on your head.
You are surrounded by a mild repulsion field. (EV +2)
You have a somewhat thin skeletal structure. (Dex +2, Stealth)
You are very agile. (Dex +4)
Your mind is acute. (Int +2)
You are frail. (-10% HP)


Message History

You headbutt the troll.
The troll is moderately wounded.
The troll completely misses you. You furiously retaliate!
You headbutt the troll. The troll barely misses you.
The troll closely misses you.
You sock the troll!
The troll is severely wounded.
The crimson imp blinks!
The ice beast misses you.
An orc wizard comes into view. It is wielding a dagger of speed.
You sock the frost giant! You headbutt the frost giant!
The frost giant is moderately wounded.
As you read the scroll labeled ZUCERUSUAMN, it crumbles to dust.
You feel strangely unstable.
It was a scroll of teleportation.
The orc wizard moves out of view.
The ice beast closely misses you. You furiously retaliate!
You headbutt the ice beast!
The frost giant hits you with the +8 frozen axe "Frostbite" {freezing cloud, *Noise +Fly rC+}!!
* * * LOW HITPOINT WARNING * * *
The frost giant freezes you.
You die...
Your body rises from the dead as a mindless zombie.

# ...#%. .#.
)#.#. .# ...#
::.. #.. #...
}#. ...# #%.#
k5 #..#
#..##Y##..#
#.YCT...#
#.@#..#
##§§§#
####§###
#..$§§.######
####§§§.....#
#§§§§%.%.#
#.%..%...#
##$.%.%.%.#
.......%...#


You could see a frost giant, a troll, a rime drake, 2 ice beasts and a crimson
imp (inner flame).

Vanquished Creatures
  The ghost of CanadianGator the Basher, a novice GrFi of Ru (D:8)
  An unseen horror (D:10)
  Pikel (D:6)
  A centaur zombie (D:9)
  The ghost of Kave the Ruffian, an amateur TrTm (D:5)
  Grinder (D:4)
  6 yaks (D:10)
  Eustachio (D:5)
  An orc warrior (D:10)
  A sky beast (D:8)
  2 ice beasts
  An eye of draining (D:9)
  3 slaves (D:6)
  A necrophage (D:6)
  6 ogres
  A centaur (D:9)
  A crocodile (Sewer)
  2 big kobolds
  A bullfrog (D:6)
  Blork the orc (D:6)
  A gnoll sergeant (D:8)
  A scorpion (D:5)
  The ghost of luckyleol the Cudgeler, a weakling TrCK of Xom (D:3)
  6 killer bees (D:9)
  4 wights (D:8)
  An electric eel (D:9)
  A howler monkey (D:5)
  A bullfrog zombie (D:10)
  4 crimson imps
  3 jellies
  Crazy Yiuf (D:2)
  3 orc priests
  3 bullfrog skeletons
  7 hounds
  A centaur skeleton (D:5)
  An iguana (D:4)
  3 orc wizards
  3 worker ants
  5 big kobold zombies (Ossuary)
  2 hound skeletons (D:5)
  A mummy (Ossuary)
  Robin (D:2)
  A worker ant zombie (D:5)
  3 gnolls (D:8)
  14 adders
  A river rat (D:5)
  A shadow imp (D:5)
  An ooze (D:2)
  2 adder zombies
  2 adder skeletons
  3 worms
  A dart slug (D:2)
  4 leopard geckos
  28 orcs
  4 spectral bats (Ossuary)
  3 giant cockroaches
  19 goblins
  8 hobgoblins
  6 jackals
  6 quokkas
  2 ball pythons
  13 bats
  3 frilled lizards
  7 gnoll zombies (Ossuary)
  5 goblin simulacra (Ossuary)
  4 goblin zombies (Ossuary)
  3 hobgoblin zombies (Ossuary)
  20 kobolds
  5 kobold simulacra (Ossuary)
  5 kobold zombies (Ossuary)
  A leopard gecko skeleton (D:7)
  A leopard gecko zombie (D:6)
  6 orc zombies (Ossuary)
  9 rats
  2 rat simulacra (Ossuary)
  2 spectral goblins (Ossuary)
  2 spectral kobolds (Ossuary)
  3 spectral rats (Ossuary)
288 creatures vanquished.

Vanquished Creatures (collateral kills)
  An orc warrior (D:9)
  An eye of draining (D:9)
  A worker ant (D:9)
  3 orcs (D:9)
6 creatures vanquished.

Vanquished Creatures (others)
  A centaur (D:6)
  5 killer bee zombies (D:9)
  5 orc zombies
  An orc (D:9)
12 creatures vanquished.

Grand Total: 306 creatures vanquished

Notes
Turn   | Place    | Note
-------+----------+-------------------------------------------
     0 | D:1      | CanadianGator the Minotaur Gladiator began the quest for the Orb.
     0 | D:1      | Reached XP level 1. HP: 18/18 MP: 0/0
   126 | D:1      | Reached skill level 4 in Staves
   159 | D:1      | Reached XP level 2. HP: 25/25 MP: 1/1
   242 | D:1      | Reached XP level 3. HP: 20/30 MP: 2/2
   670 | D:2      | Noticed Robin
   706 | D:2      | Killed Robin
   706 | D:2      | Reached skill level 1 in Armour
   713 | D:2      | Reached XP level 4. HP: 11/38 MP: 3/3
   873 | D:2      | Reached skill level 5 in Staves
   920 | D:2      | Found a runed door.
   987 | D:2      | Noticed Crazy Yiuf
   995 | D:2      | Killed Crazy Yiuf
  1454 | D:3      | Reached XP level 5. HP: 39/45 MP: 4/4
  1676 | D:3      | Noticed luckyleol's ghost (weakling TrCK)
  1689 | D:3      | Killed luckyleol's ghost
  2054 | D:3      | Found a blossoming altar of Fedhas.
  2224 | D:4      | Noticed an ogre
  2232 | D:4      | Killed an ogre
  2232 | D:4      | Reached skill level 6 in Staves
  2232 | D:4      | Reached XP level 6. HP: 28/52 MP: 5/5
  2275 | D:4      | Found a sand-covered staircase.
  2282 | Ossuary  | Entered an ossuary
  2818 | D:4      | Noticed Grinder
  2838 | D:4      | Killed Grinder
  2838 | D:4      | Reached skill level 7 in Staves
  2838 | D:4      | Reached skill level 5 in Dodging
  2838 | D:4      | Reached XP level 7. HP: 43/60 MP: 6/6
  3585 | D:5      | Entered Level 5 of the Dungeon
  3600 | D:5      | Found a staircase to the Ecumenical Temple.
  3676 | D:5      | Noticed Kave's ghost (amateur TrTm)
  3689 | D:5      | Killed Kave's ghost
  3689 | D:5      | Reached skill level 5 in Fighting
  3689 | D:5      | Reached skill level 8 in Staves
  3689 | D:5      | Reached XP level 8. HP: 14/68 MP: 7/7
  4017 | D:5      | Found a glowing drain.
  4037 | Sewer    | Entered a sewer
  4289 | Sewer    | Reached skill level 5 in Armour
  4410 | D:5      | Noticed Eustachio
  4419 | D:5      | Killed Eustachio
  4419 | D:5      | Reached skill level 9 in Staves
  4433 | Temple   | Entered the Ecumenical Temple
  4611 | Temple   | Became a worshipper of Yredelemnul the Dark
  5677 | D:6      | Noticed Blork the orc
  5685 | D:6      | Killed Blork the orc
  5790 | D:6      | Reached XP level 9. HP: 78/78 MP: 8/8
  6018 | D:6      | Noticed Pikel
  6046 | D:6      | Killed Pikel
  6046 | D:6      | Reached skill level 10 in Staves
  6631 | D:7      | Reached * piety under Yredelemnul
  7095 | D:7      | Reached skill level 1 in Invocations
  7138 | D:8      | Found Nintocyr's Book Emporium.
  7266 | D:8      | Noticed CanadianGator's ghost (novice GrFi)
  7311 | D:8      | Killed CanadianGator's ghost
  7311 | D:8      | Reached skill level 11 in Staves
  7597 | D:8      | Reached ** piety under Yredelemnul
  7599 | D:8      | Found a white marble altar of Elyvilon.
  7604 | D:8      | Got a scorched scale mail
  7688 | D:8      | Identified the +0 scale mail "Wisustri" {+Inv rF+ MR+ Str+4} (You found it on level 8 of the Dungeon)
  7794 | D:8      | Reached XP level 10. HP: 88/88 MP: 10/10
  7798 | D:8      | Gained mutation: You are frail. (-10% HP) [mutagenic meat]
  7799 | D:8      | Gained mutation: You are agile. (Dex +2) [mutagenic meat]
  7800 | D:8      | Gained mutation: You are very agile. (Dex +4) [mutagenic meat]
  7801 | D:8      | Gained mutation: You are surrounded by a mild repulsion field. (EV +2) [mutagenic meat]
  7802 | D:8      | Gained mutation: Your mind is acute. (Int +2) [mutagenic meat]
  7803 | D:8      | Gained mutation: You have a somewhat thin skeletal structure. (Dex +2, Stealth) [mutagenic meat]
  8137 | D:9      | Found Boplittu's General Store.
  8175 | D:9      | Bought a scroll of identify for 26 gold pieces
  8175 | D:9      | Bought 2 potions of heal wounds for 130 gold pieces
  8928 | D:10     | Entered Level 10 of the Dungeon
  8958 | D:10     | Reached skill level 12 in Staves
  8958 | D:10     | Reached *** piety under Yredelemnul
  8959 | D:10     | Noticed a frost giant
  8961 | D:10     | Killed an unseen horror
  8969 | D:10     | HP: 1/81 [frost giant/the +8 frozen axe "Frostbite" {freezing cloud, *Noise +Fly rC+} (34)]
  8969 | D:10     | Slain by a frost giant

Skill      XL: |  1  2  3  4  5  6  7  8  9 10 |
---------------+-------------------------------+-----
Staves         | 4 5 6 7 8 9 11 12 | 12.4
Fighting       | 3 4 5 6 7 8 |  8.6
Armour         | 1 2 3 4 6 7 8 |  8.4
Dodging        | 4 5 6 7 8 |  8.4
Invocations    | 2 4 |  4.1
Throwing       | |  2.0

Action                   |  1- 3 |  4- 6 |  7- 9 | 10-12 || total
-------------------------+-------+-------+-------+-------++-------
Melee: Quarterstaff      |    88 |   189 |   340 |    56 ||   673
       Headbutt          |    11 |    44 |    73 |    20 ||   148
Invok: Animate Remains   |       |       |    12 |    11 ||    23
  Use: Scroll            |       |     3 |     8 |     4 ||    15
       Potion            |       |     3 |     1 |     1 ||     5
 Stab: Sleeping          |       |     2 |     7 |     1 ||    10
       Paralysed         |       |     2 |       |       ||     2
       Petrifying        |       |       |     2 |       ||     2
       Confused          |       |       |     2 |       ||     2
  Eat: Chunk             |       |     5 |    19 |     9 ||    33
       Bread ration      |       |       |       |     1 ||     1
Armor: Leather armour    |    12 |       |    36 |       ||    48
       Ring mail         |    10 |    56 |     9 |       ||    75
       Chain mail        |       |       |    42 |       ||    42
       Scale mail        |       |       |     5 |    15 ||    20
Dodge: Dodged            |    66 |    96 |   157 |    68 ||   387
